 Dungeon Crawl Stone Soup version 0.28-a0-32-g8dfe7f97f6 (webtiles) character file.

Game seed: 18381585563518247416

782 Demosthentine the Poker (level 7, -3/56 HPs)
             Began as a Merfolk Gladiator on July 28, 2021.
             Splashed by Ijyb's acid (15 damage)
             ... on level 5 of the Dungeon.
             The game lasted 00:03:55 (3741 turns).

Demosthentine the Poker (Merfolk Gladiator)         Turns: 3741, Time: 00:03:55

Health: -3/56      AC: 10    Str: 25    XL:     7   Next: 86%
Magic:  7/7        EV: 19    Int: 11    God:
Gold:   316        SH:  0    Dex: 16    Spells: 6/6 levels left

rFire   . . .      SeeInvis .   j - +5 trident (protect)
rCold   . . .      Faith    .   (no shield)
rNeg    . . .      Spirit   .   b - +0 leather armour
rPois   .          Reflect  .   c - +1 helmet
rElec   +          Harm     .   o - +0 cloak
rCorr   .          Rampage  .   h - +0 pair of gloves
Will    .....                   (no boots)
Stlth   +.........              (no amulet)
HPRegen 0.18/turn               e - +6 ring of strength
MPRegen 0.10/turn               a - ring of Kofyvoto {rElec EV+4 Str+3 Int+4}

@: corroded, under a protective aura
A: (nimble swimmer 2), mertail
a: no special abilities


You were on level 5 of the Dungeon.
You visited 1 branch of the dungeon, and saw 5 of its levels.

You collected 316 gold pieces.

Inventory:

Hand Weapons
 j - a +5 trident of protection (weapon)
Missiles
 d - a throwing net (quivered)
Armour
 b - a +0 leather armour (worn)
 c - a +1 helmet (worn)
 h - a +0 pair of gloves (worn)
 o - a +0 cloak (worn)
Jewellery
 a - the ring of Kofyvoto (right hand) {rElec EV+4 Str+3 Int+4}
   (You found it on level 4 of the Dungeon)

   [ring of evasion]

   EV:        It affects your evasion (+4).
   Str:       It affects your strength (+3).
   Int:       It affects your intelligence (+4).
   rElec:     It insulates you from electricity.
 e - a +6 ring of strength (left hand)
 i - a ring of resist corrosion
Scrolls
 k - 3 scrolls of teleportation
 l - a scroll of identify
 m - a scroll of enchant armour
Potions
 f - a potion of curing {unknown}
 g - a potion of invisibility


   Skills:
 + Level 5.0 Fighting
 + Level 7.4 Polearms
 - Level 2.0 Throwing
 + Level 3.0 Armour
 + Level 6.8 Dodging


You had 6 spell levels left.
You didn't know any spells.
Your spell library contained the following spells:

 Spells                   Type           Power      Damage    Failure   Level
 Slow                     Hex            0%         N/A       52%         2
 Sublimation of Blood     Necr           0%         N/A       52%         2
 Wereblood                Tmut           0%         N/A       52%         2
 Confusing Touch          Hex            0%         N/A       75%         3
 Vampiric Draining        Necr           0%         2d6       75%         3
 Summon Hydra             Summ           0%         N/A       100%        7


Dungeon Overview and Level Annotations

Branches:
Dungeon (5/15)
 Temple: D:4-7

Altars:
Fedhas
Kikubaaqudgha
Nemelex Xobeh
Yredelemnul

Annotations:
D:5 Ijyb


Innate Abilities, Weirdness & Mutations

((You are quick and stealthy near water. (Stealth+, EV+, Speed+++)))
Your lower body shifts to a powerful aquatic tail in water.


Message History

Ijyb screams, "Die!"
Ijyb hits you but does no damage.
You closely miss Ijyb.
Ijyb is heavily wounded.
Ijyb closely misses you.
You hit Ijyb.
Ijyb is severely wounded.
Ijyb screams, "No!
No, no, no, no!"
Ijyb zaps a wand.
The bolt of acid misses you.
You hit Ijyb.
Ijyb is severely wounded.
Ijyb completely misses you.
You completely miss Ijyb.
Ijyb is severely wounded.
Ijyb zaps a wand.
The bolt of acid hits you!! The acid corrodes you!
You are splashed with acid!
You are too injured to fight recklessly!
You are too injured to fight recklessly!
You are too injured to fight recklessly!
You are too injured to fight recklessly!
You are too injured to fight recklessly!
You are too injured to fight recklessly!
You are too injured to fight recklessly!
You are too injured to fight recklessly!
You are too injured to fight recklessly!
You are too injured to fight recklessly!
Unknown command.
Throw: 2 throwing nets
Press: ? - help, Q - select action Shift-Dir - straight line, f - Ijyb
Aim: Ijyb, wielding a +0 club, wearing a +0 scale mail and carrying a wand of acid (8) (severely wounded, 60% to hit)
You throw a throwing net. The throwing net hits Ijyb.
Ijyb is caught in the net!
Ijyb is severely wounded.
Ijyb struggles against the net.
You hit Ijyb but do no damage.
Ijyb is severely wounded.
Ijyb zaps a wand.
The bolt of acid hits you!
* * * LOW HITPOINT WARNING * * *
You are splashed with acid!
You die...

...#..# #.#.# .###
##...#######.. ....#
##.............
.....# #.......##
......##.#.###..#####
...........#
##.....##
......#g####
#####..### .g... #@#
##.... .... #)# #####
... #.# # .. ... . .
... # .#### . .#


You could see Ijyb (caught).

Vanquished Creatures
  Eustachio (D:3)
  Menkaure (D:4)
  An ice beast (D:5)
  An ogre (D:5)
  A centaur zombie (D:4)
  A hound (D:4)
  Crazy Yiuf (D:3)
  Terence (D:2)
  An orc wizard (D:4)
  3 iguanas
  Robin (D:2)
  4 adders
  An ufetubus (D:5)
  An adder skeleton (D:4)
  A dart slug (D:1)
  4 orcs (D:4)
  4 bats
  7 endoplasms
  3 giant cockroaches
  14 goblins
  8 hobgoblins
  5 jackals
  3 ball pythons
  5 frilled lizards
  4 kobolds
  3 rats
80 creatures vanquished.

Notes
Turn   | Place    | Note
-------+----------+-------------------------------------------
     0 | D:1      | Demosthentine the Merfolk Gladiator began the quest for the
                  | Orb.
     0 | D:1      | Reached XP level 1. HP: 16/16 MP: 1/1
   222 | D:1      | Reached XP level 2. HP: 23/23 MP: 2/2
   601 | D:1      | Found a faded altar of an unknown god.
  1126 | D:2      | Noticed Terence
  1132 | D:2      | Killed Terence
  1133 | D:2      | Reached skill level 5 in Polearms
  1133 | D:2      | Reached skill level 1 in Armour
  1133 | D:2      | Reached XP level 3. HP: 23/28 MP: 3/3
  1261 | D:2      | Reached XP level 4. HP: 34/34 MP: 4/4
  1437 | D:2      | Noticed Robin
  1457 | D:2      | Killed Robin
  1777 | D:3      | Found a sparkling altar of Nemelex Xobeh.
  1959 | D:3      | Found a blossoming altar of Fedhas.
  2176 | D:3      | Reached skill level 5 in Dodging
  2270 | D:3      | Found a runed translucent door.
  2271 | D:3      | Noticed Crazy Yiuf
  2278 | D:3      | Killed Crazy Yiuf
  2279 | D:3      | Reached XP level 5. HP: 41/41 MP: 5/5
  2385 | D:4      | Noticed Eustachio
  2389 | D:4      | Reached skill level 6 in Polearms
  2389 | D:4      | Reached XP level 6. HP: 43/48 MP: 6/6
  2441 | D:3      | HP: 2/48 [iron imp[Eustachio] (5)]
  2442 | D:3      | Killed Eustachio
  2846 | D:4      | Found a basalt altar of Yredelemnul.
  2846 | D:4      | Found an ancient bone altar of Kikubaaqudgha.
  2847 | D:4      | Noticed Menkaure
  2855 | D:4      | Found a transporter.
  3044 | D:4      | Found a transporter.
  3436 | D:4      | Reached XP level 7. HP: 55/55 MP: 7/7
  3443 | D:4      | Killed Menkaure
  3465 | D:4      | Identified the ring of Kofyvoto {rElec EV+4 Str+3 Int+4}
  3635 | D:5      | Entered Level 5 of the Dungeon
  3647 | D:5      | Reached skill level 7 in Polearms
  3717 | D:5      | Noticed Ijyb
  3733 | D:5      | Reached skill level 5 in Fighting
  3741 | D:5      | Splashed by Ijyb's acid

Illustrated notes

Levels and vault maps discovered:
D:1:      enne_arrival_octagon_isle, layout_rooms,
          hellmonk_ecumenical_altar_run_dry, serial_bayou_pond_d
D:2:      layout_loops_cross, chequers_serial_rivers_marsh, uniq_robin,
          uniq_terence
D:3:      layout_basic, fedhas_altar_2, amcnicky_altar_gilded,
          uniq_crazy_yiuf_cottage
D:4:      layout_loops_ring, gammafunk_temple_of_torment,
          grunt_decor_mini_mirrors, uniq_eustachio
D:5:      black_bear_nest_2, layout_rooms, serial_bayou_pond_b, uniq_ijyb

Skill      XL: |  1  2  3  4  5  6  7 |
---------------+----------------------+-----
Polearms       | 5 6 7 |  7.4
Armour         | 1 2 3 |  3.0
Fighting       | 3 4 5 |  5.0
Dodging        | 5 6 |  6.8
Throwing       | |  2.0

Action                   |  1- 3 |  4- 6 |  7- 9 || total
-------------------------+-------+-------+-------++-------
Melee: Trident           |    67 |   172 |    38 ||   277
       Tailslap          |       |     4 |       ||     4
Throw: Throwing net      |       |     1 |     2 ||     3
  Use: Scroll            |     3 |     5 |       ||     8
       Potion            |       |     2 |       ||     2
 Stab: Sleeping          |     1 |     2 |     1 ||     4
       Held in net/web   |       |     1 |     2 ||     3
Armor: Leather armour    |    16 |    51 |     9 ||    76
Dodge: Dodged            |    42 |   109 |    21 ||   172

Table legend: (Time is in decaauts)
 A = Elapsed time spent in this place.
 B = Non-inter-level travel time spent in this place.
 C = Inter-level travel time spent in this place.
 D = Time resting spent in this place.
 E = Time spent auto-exploring this place.
 F = Levels seen in this place.
 G = Mean time per level.
                   A        B        C        D        E       F      G
               +--------+--------+--------+--------+--------+-----+--------+
         Total |   3732 |   3620 |    112 |    412 |   2567 |   5 |  746.4 |
       Dungeon |   3732 |   3620 |    112 |    412 |   2567 |   5 |  746.4 |
               +--------+--------+--------+--------+--------+-----+--------+

Top non-repeatable levels by time:
     D:3: 1015 daAuts
     D:4: 987 daAuts
     D:2: 900 daAuts
     D:1: 725 daAuts
     D:5: 104 daAuts
